 Dungeon Crawl Stone Soup version 0.21-a0-498-g1b60429 (webtiles) character file.

186 KristoblXynda the Ruffian (level 5, -3/40 HPs)
             Began as a Draconian Transmuter on Nov 24, 2017.
             Slain by a gnoll sergeant
             ... wielding a +0 spear
              (9 damage)
             ... on level 3 of the Dungeon.
             The game lasted 00:05:15 (3023 turns).

KristoblXynda the Ruffian (Draconian Transmuter)    Turns: 3023, Time: 00:05:16

Health: -3/40      AC:  5    Str: 14    XL:     5   Next: 38%
Magic:  8/8        EV: 17    Int: 13    God:
Gold:   54         SH:  0    Dex: 16    Spells: 7/8 levels left

rFire    . . .     SeeInvis .     - Unarmed
rCold    . . .     Gourm    .   (no shield)
rNeg     . . .     Faith    .   (armour unavailable)
rPois    .         Spirit   .   (helmet restricted)
rElec    .         Reflect  .   (no cloak)
rCorr    .         Harm     .   (no gloves)
MR       .....                  (no boots)
Stlth    ++........             (no amulet)
HPRegen  0.13/turn              (no ring)
MPRegen  0.11/turn              (no ring)

@: agile
A: unfitting armour, cold-blooded, AC +5
a: no special abilities


You were on level 3 of the Dungeon.
You were not hungry.

You visited 1 branch of the dungeon, and saw 3 of its levels.

You collected 54 gold pieces.

Inventory:

Missiles
 a - 29 arrows
Wands
 l - a wand of random effects (28)
Scrolls
 i - a scroll of magic mapping
Potions
 f - a potion of magic
 h - a potion of mutation
Books
 b - a book of Changes

   Spells                             Type                      Level
   a - Beastly Appendage              Transmutation                1
   b - Sticks to Snakes               Transmutation                2
   c - Spider Form                    Transmutation/Poison         3
   d - Ice Form                       Ice/Transmutation            4
   e - Blade Hands                    Transmutation                5
Comestibles
 c - a bread ration
 k - 2 meat rations
 n - 4 fruits


   Skills:
 - Level 1.1 Fighting
 - Level 1.7 Dodging
 * Level 5.3 Unarmed Combat
 - Level 2.0 Spellcasting
 + Level 3.5 Transmutations


You had 7 spell levels left.
You knew the following spells:

 Your Spells              Type           Power        Failure   Level  Hunger
a - Beastly Appendage     Tmut           ##....       6%          1    ##.....


Dungeon Overview and Level Annotations

Branches:
Dungeon (3/15)

Altars:
Qazlal
Trog
Xom

Annotations:
D:3 Sigmund


Innate Abilities, Weirdness & Mutations

Your plain brown scales are hard. (AC +5)
You cannot fit into any form of body armour.
You are cold-blooded and may be slowed by cold attacks.


Message History

* * * LOW HITPOINT WARNING * * *
The gnoll moves out of view.
Your talons disappear.
The gnoll barely misses you.
You see here a potion of degeneration.
As you read the scroll labeled PYSTUL FOKHLEUGH, it crumbles to dust.
You feel aware of your surroundings.
It was a scroll of magic mapping.
A gnoll comes into view. It is wielding a halberd.
As you read the scroll labeled HOATHR ESTAEZUH, it crumbles to dust.
You hear a loud clanging noise!
It was a scroll of noise.
You hear a shout! x28
Unknown command.
As you read the scroll labeled MEJ ZEMULY, it crumbles to dust.
It is a scroll of amnesia.
Forget which spell ([?*] list [ESC] exit)?
Forget which spell ([?*] list [ESC] exit)?
Okay, then.
The gnoll sergeant hits you from afar with a spear!
You die...

...≈≈###'#,,,,+,,,,,,,+..',,,,,,,
...≈≈≈.#,*,,,,*********''#####***
P..≈≈≈.#,*,,,,*,,,,,,,,g.....g,,,
...≈≈≈.#,******,,,,,,,,.g.....,,,
...≈≈≈.#,',,,,',,,,,,,,g.g..@g,,,
...≈≈≈.#,',,,,',,,,,,,,.g.g.,,,,,
...≈≈≈.#,************##''##******
...≈≈≈.#,*,,,,,#######ggg.#******
...≈≈≈.#,*,,,,,+@!gggggg..',,,,,+
..P≈≈###+*,,,,,#######.g..#******
...≈≈#,,,#############''''#######
...≈≈#,,,#.................[.....
...≈≈#####≈≈≈≈≈≈≈≈≈≈≈≈....≈≈≈≈≈≈≈
...≈≈≈≈≈≈≈≈≈≈≈≈≈≈≈≈≈≈≈....≈≈≈≈≈≈≈
...≈≈≈≈≈≈≈≈≈≈≈≈≈≈≈≈≈≈≈....≈≈≈≈≈≈≈
....P............................
.......................>....#####


You could see a gnoll sergeant and 8 gnolls.

Vanquished Creatures
  5 gnolls (D:3)
  5 adders
  4 worms
  A dart slug (D:3)
  2 leopard geckos
  An orc (D:3)
  3 ball pythons
  8 bats
  5 giant cockroaches
  4 goblins (D:1)
  3 hobgoblins
  19 jackals
  3 frilled lizards
  10 kobolds
  5 rats
  A butterfly (D:3)
79 creatures vanquished.

Notes
Turn   | Place    | Note
-------+----------+-------------------------------------------
     0 | D:1      | KristoblXynda the Draconian Transmuter began the quest for the Orb.
     0 | D:1      | Reached XP level 1. HP: 16/16 MP: 3/3
    98 | D:1      | Reached XP level 2. HP: 17/23 MP: 5/5
   713 | D:2      | Reached XP level 3. HP: 28/28 MP: 6/6
   778 | D:2      | Reached skill level 4 in Unarmed Combat
  1177 | D:2      | Reached XP level 4. HP: 17/35 MP: 5/7
  1741 | D:3      | Found a bloodstained altar of Trog.
  1744 | D:3      | Found a shimmering altar of Xom.
  1940 | D:3      | Found a stormy altar of Qazlal.
  2408 | D:3      | Reached skill level 5 in Unarmed Combat
  2436 | D:3      | Reached XP level 5. HP: 31/40 MP: 6/8
  2987 | D:3      | Noticed Sigmund
  3023 | D:3      | Slain by a gnoll sergeant

Vault maps used:
D:1:      minmay_arrival_nine_rooms
D:2:      cheibrodos_helix_gallery
D:3:      lemuel_castle_with_subvaults, xom_butterflies, bloody_trog,
          lemuel_doored_altar, uniq_sigmund

Skill      XL: |  1  2  3  4 |
---------------+-------------+-----
Unarmed Combat | 4 5 |  5.3
Transmutations | 3 |  3.5
Fighting       | |  1.1
Dodging        | |  1.7
Spellcasting   | |  2.0

Action                   |  1- 3 |  4- 6 || total
-------------------------+-------+-------++-------
Melee: Unarmed           |   134 |   198 ||   332
       Tailslap          |    12 |    20 ||    32
       Headbutt          |     2 |     2 ||     4
       Kick              |     1 |     8 ||     9
       Punch             |     1 |     3 ||     4
 Cast: Beastly Appendage |     4 |     4 ||     8
  Use: Scroll            |       |     7 ||     7
       Potion            |       |     3 ||     3
 Stab: Sleeping          |     1 |       ||     1
  Eat: Chunk             |       |     6 ||     6
       Fruit             |       |     1 ||     1
Armor: Skin              |    49 |    67 ||   116
Dodge: Dodged            |   104 |   159 ||   263

Table legend:
 A = Spawn XP
 B = Non-spawn XP
 C = Spawn XP percentage of total XP
 D = Spawn monster count
 E = Non-spawn monster count
 F = Spawn count percentage of total count
 G = Total turns spent on level
                    A         B        C        D         E        F      G
               +---------+---------+-------+---------+---------+-------+---------
         Total |       0 |     266 |   0.0 |       0 |      78 |   0.0 |  3023
               +---------+---------+-------+---------+---------+-------+---------
           D:1 |       0 |      40 |   0.0 |       0 |      26 |   0.0 |   702
           D:2 |       0 |      80 |   0.0 |       0 |      18 |   0.0 |  1039
           D:3 |       0 |     146 |   0.0 |       0 |      34 |   0.0 |  1282
               +---------+---------+-------+---------+---------+-------+---------
